 Dungeon Crawl Stone Soup version 0.30-a0-778-g2ef04afb54 (webtiles) character file.

Game seed: 18196490828813957921

11135 kingofthe the Covert (level 11, -5/61 HPs)
             Began as an Octopode Conjurer on Feb 15, 2023.
             Was an Elder of Sif Muna.
             Slain by a yak (14 damage)
             ... on level 2 of the Lair of Beasts.
             The game lasted 00:53:37 (16412 turns).

kingofthe the Covert (Octopode Conjurer)           Turns: 16412, Time: 00:53:38

Health: -5/61      AC:  1    Str: 14 (15) XL:     11   Next: 73%
Magic:  17/21      EV: 15    Int: 20 (21) God:    Sif Muna [****..]
Gold:   625        SH:  0    Dex:  8 (11) Spells: 4/23 levels left

rFire   + . .      SeeInvis .    a - staff of conjuration
rCold   . . .      Faith    .    (no shield)
rNeg    . . .      Spirit   .    (helmet restricted)
rPois   .          Reflect  .    f - amulet of the acrobat
rElec   +          Harm     .    p - ring of protection from cold
rCorr   .          Rampage  .    i - ring of Wonder {Fire rElec Str+8 Dex-3}
Will    .....                    L - ring of flight
Stlth   +++++                    (no ring)
HPRegen 0.30/turn                (no ring)
MPRegen 0.17/turn                (no ring)
                                 (no ring)
                                 (no ring)

@: about to teleport, flying, very slightly contaminated
A: almost no armour, amphibious, 8 rings, camouflage 1, gelatinous body 1,
(nimble swimmer 1), tentacles
a: Renounce Religion, Channel Magic, Forget Spell, Divine Exegesis


You were on level 2 of the Lair of Beasts.
You worshipped Sif Muna.
Sif Muna was greatly pleased with you.
You visited 3 branches of the dungeon, and saw 12 of its levels.

You collected 625 gold pieces.

Inventory:

Hand Weapons
 b - the +8 lance "Wyrmbane" {slay drac, rPois rF+ rC+ AC+3}
   (You took it off a goblin on level 4 of the Dungeon)

   AC:        It affects your AC (+3).
   rF:        It protects you from fire.
   rC:        It protects you from cold.
   rPois:     It protects you from poison.
 m - a +1 trident of venom
 n - a +2 short sword of protection
 u - a +2 dagger of venom
Missiles
 t - 2 throwing nets
Magical Staves
 a - a staff of conjuration (weapon)
Jewellery
 f - an amulet of the acrobat (around mantle)
 i - the ring of Wonder (right tentacle) {Fire rElec Str+8 Dex-3}
   (You took it off a gnoll on level 1 of the Dungeon)

   [ring of fire]

   It enhances your fire magic.
   Str:       It affects your strength (+8).
   Dex:       It affects your dexterity (-3).
   rF:        It protects you from fire.
   rC:        It makes you vulnerable to cold.
   rElec:     It insulates you from electricity.
 p - a ring of protection from cold (left tentacle)
 y - an amulet of reflection
 L - a ring of flight (on tentacle)
Wands
 o - a wand of polymorph (3)
 D - a wand of roots (8)
 F - a wand of flame (20)
Scrolls
 c - 5 scrolls of teleportation
 d - 7 scrolls of identify
 e - 2 scrolls of blinking
 g - 2 scrolls of noise
 h - a scroll of fog
 j - 2 scrolls of enchant armour {unknown}
 x - a scroll of enchant weapon
 C - a scroll of poison
 G - 3 scrolls of immolation {unknown}
 H - 2 scrolls of vulnerability
 K - a scroll of silence {unknown}
Potions
 k - 3 potions of curing
 l - a potion of lignification {unknown}
 q - 2 potions of attraction {unknown}
 r - 2 potions of haste {unknown}
 s - 2 potions of ambrosia {unknown}
 v - 2 potions of degeneration
 w - 4 potions of berserk rage
 z - a potion of mutation {unknown}
 A - a potion of magic
 B - 2 potions of flight {unknown}
 E - a potion of resistance {unknown}
 I - 2 potions of heal wounds {unknown}
 J - 2 potions of invisibility {unknown}


   Skills:
 * Level 9.4 Dodging
 + Level 9.6 Stealth
 + Level 6.9 Spellcasting
 + Level 7.6 Conjurations
 + Level 6.4 Hexes
 * Level 5.9 Air Magic
 - Level 4.0 Poison Magic
 + Level 5.2 Invocations


You had 4 spell levels left.
You knew the following spells:

 Your Spells              Type           Power      Damage    Failure   Level
a - Magic Dart            Conj           100%       1d8       1%          1
b - Searing Ray           Conj           100%       2d8       1%          2
c - Dazzling Flash        Conj/Hex       100%       N/A       1%          3
d - Fulminant Prism       Conj/Hex       25%        3d14      5%          4
e - Cigotuvi's Dreadful   Necr/Pois/Air  40%        N/A       3%          2
g - Airstrike             Air            15%        2d(3-19)  9%          4
r - Swiftness             Air            30%        N/A       2%          3

Your spell library contained the following spells:

 Spells                   Type           Power      Damage    Failure   Level
 Shock                    Conj/Air       100%       1d9       1%          1
 Apportation              Tloc           12%        N/A       10%         1
 Necrotise                Necr           24%        1d5       10%         1
 Summon Small Mammal      Summ           24%        N/A       10%         1
 Iskenderun's Mystic Bla  Conj/Tloc      33%        2d8       21%         4
 Ozocubu's Armour         Ice            6%         N/A       28%         3
 Dispel Undead            Necr           6%         3d8       67%         4
 Alistair's Intoxication  Tmut/Pois      10%        N/A       75%         5
 Blade Hands              Tmut           3%         N/A       95%         5
 Iron Shot                Conj/Erth      16%        9d4       97%         6
 Death Channel            Necr           3%         N/A       100%        6
 Ozocubu's Refrigeration  Ice            3%         4d8       100%        7
 Borgnjor's Revivificati  Necr           3%         N/A       100%        8
 Necromutation            Tmut/Necr      3%         N/A       100%        8
 Death's Door             Necr           3%         N/A       100%        9
 Animate Armour           Summ/Erth      Unusable   N/A       N/A         4

Dungeon Overview and Level Annotations

Branches:
Dungeon (9/15)             Temple (1/1) D:4            Lair (2/5) D:8
  Swamp: Lair:2-3    Shoals: Lair:2-3     Snake: Lair:2-3    Spider: Lair:2-3
    Orc: D:9-12

Altars:
Ashenzari
Cheibriados
Dithmenos
Elyvilon
Fedhas
Gozag
Hepliaklqana
Kikubaaqudgha
Makhleb
Nemelex Xobeh
Okawaru
Qazlal
Ru
Sif Muna
Trog
Uskayaw
Vehumet
Wu Jian
Xom
Yredelemnul
Zin
The Shining One

Shops:
D:3 (   D:8 [

Annotations:
D:7 ! Death Yak, jimonade's ghost, novice FoFi
D:8 2 transporters, Palms's ghost, novice TeRe


Innate Abilities, Weirdness & Mutations

You cannot wear most types of armour.
You are amphibious.
You can wear up to eight rings at the same time.
Your skin changes colour to match your surroundings (Stealth+).
Your rubbery body absorbs attacks. (AC +1, EV +1)
((You are camouflaged when in or above water. (Stealth+)))
You have tentacles for arms and can constrict up to eight enemies at once.


Message History

(Press . to maintain the ray.)
The yak gores you.
The searing ray hits the yak!
The yak is almost dead.
The yak completely misses you.
The searing ray hits the yak!
You kill the yak!
Sif Muna accepts your kill. The yak attacks as you move away!
The yak closely misses you.
You fail to use your ability.
The yak gores you! The yak attacks as you move away!
The yak completely misses you. The yak attacks as you move away!
The yak gores you.
Casting: Searing Ray (safe; 1% risk of failure)
Confirm with . or Enter, or press ? or * to list all spells.
Casting: Dazzling Flash (safe; 1% risk of failure)
Press: ? - help, Dir - look around, f - activate You feel a surge of power!
The yak is dazzled.
The yak closely misses you.
The yak is no longer blind.
You see here a yak skeleton.
The yak closely misses you.
You see here a yak skeleton.
Casting: Dazzling Flash (safe; 1% risk of failure)
Confirm with . or Enter, or press ? or * to list all spells.
Aiming: Airstrike (dangerous; 8% risk of failure)
Press: ? - help, Dir - move target, f - yak
Aim: a yak (empty space bonus: 5/8)
You miscast Airstrike.
You are very lightly contaminated with residual magic.
You are blasted with air.
You resist. The yak gores you!
* * * LOW HITPOINT WARNING * * *
As you read the scroll of teleportation, it crumbles to dust.
You feel strangely unstable.
You feel less invigorated. The yak gores you.
* * * LOW HITPOINT WARNING * * *
It was a potion of degeneration.
There was something very wrong with that liquid.
You feel weakened.
You feel dopey.
You feel clumsy. The yak gores you.
* * * LOW HITPOINT WARNING * * *
The yak attacks as you move away! The yak gores you!
You die...

#.......#
#...._..#
##......#
#......#
##....##
##....#
###..##
#.Y.#
##@.#
#..###
#....#
##...#
##.#..##
#.##...#
####...#
##..###
##..#.#


You could see a yak.

Vanquished Creatures
  Pikel (D:7)
  A merfolk siren (Lair:2)
  Maurice (D:9)
  2 black mambas
  3 cane toads
  Maggie (D:7)
  A komodo dragon (Lair:2)
  A polar bear (Lair:2)
  A troll (D:9)
  A hornet (D:9)
  A wyvern (D:8)
  A wraith (D:8)
  8 yaks (Lair:2)
  2 basilisks (D:8)
  A steam dragon (D:9)
  Menkaure (D:7)
  2 acid dragons (D:8)
  8 water moccasins
  An orc warrior (D:9)
  3 sky beasts
  2 black bears
  An ice beast (D:5)
  2 ogres
  2 lemures (D:7)
  3 wolves (Lair:1)
  A centaur (D:7)
  2 phantoms
  3 kobold brigands
  Blork the orc (D:6)
  2 necrophages
  4 bullfrogs
  3 scorpions
  20 wights
  4 killer bees
  A howler monkey (D:8)
  2 hounds
  3 jellies
  Crazy Yiuf (D:7)
  3 orc priests
  A gnoll bouda (D:8)
  6 iguanas
  9 orc wizards
  Robin (D:2)
  6 adders
  16 gnolls
  A shadow imp (D:6)
  2 ufetubi
  3 worms
  31 orcs
  2 bat zombies (D:6)
  3 endoplasms
  A giant cockroach (D:3)
  14 goblins
  7 hobgoblins
  14 jackals
  19 kobolds
  3 quokkas
  5 ball pythons
  2 bats
  A frilled lizard (D:2)
  5 rats
  A rat zombie (D:6)
254 creatures vanquished.

Vanquished Creatures (others)
  A bush (Lair:2)
  48 fulminant prisms
  6 fungi
  12 plants
67 creatures vanquished.

Grand Total: 321 creatures vanquished

Notes
Turn   | Place    | Note
-------+----------+-------------------------------------------
     0 | D:1      | kingofthe the Octopode Conjurer began the quest for the
                  | Orb.
     0 | D:1      | Reached XP level 1. HP: 11/11 MP: 3/3
   227 | D:1      | Reached XP level 2. HP: 17/17 MP: 0/5
   281 | D:1      | Learned a level 2 spell: Searing Ray
   652 | D:1      | Reached XP level 3. HP: 15/21 MP: 1/7
  1035 | D:2      | Identified the ring of Wonder {Fire rElec Str+8 Dex-3}
  1052 | D:2      | Reached XP level 4. HP: 27/27 MP: 0/8
  1214 | D:2      | Noticed Robin
  1332 | D:2      | Killed Robin
  1912 | D:3      | Reached XP level 5. HP: 31/31 MP: 4/10
  2078 | D:3      | Learned a level 3 spell: Dazzling Flash
  2341 | D:3      | Found Wibad's Weapon Emporium.
  2929 | D:3      | Found a glowing silver altar of Zin.
  2929 | D:3      | Noticed an angel
  3133 | D:4      | Found a staircase to the Ecumenical Temple.
  3137 | D:4      | Noticed an ogre
  3143 | D:4      | Killed an ogre
  3144 | D:4      | Reached skill level 1 in Hexes
  3144 | D:4      | Reached XP level 6. HP: 9/36 MP: 5/11
  3145 | Temple   | Entered the Ecumenical Temple
  3259 | Temple   | Became a worshipper of Sif Muna the Loreminder
  3492 | D:4      | Found a bloodstained altar of Trog.
  3921 | D:4      | Noticed a black bear
  4160 | D:4      | Reached XP level 7. HP: 34/41 MP: 7/13
  4571 | D:5      | Entered Level 5 of the Dungeon
  4981 | D:5      | Learned a level 4 spell: Fulminant Prism
  5110 | D:5      | Reached * piety under Sif Muna
  5249 | D:5      | Reached skill level 5 in Conjurations
  5328 | D:5      | Reached skill level 5 in Stealth
  5383 | D:5      | Found a white marble altar of Elyvilon.
  5681 | D:5      | Found a stormy altar of Qazlal.
  5681 | D:5      | Found a hazy altar of Hepliaklqana.
  5716 | D:5      | Found an iron altar of Okawaru.
  5944 | D:5      | Found a hide-covered altar of Uskayaw.
  6089 | D:6      | Reached XP level 8. HP: 46/46 MP: 10/14
  6186 | D:6      | Reached skill level 5 in Dodging
  6266 | D:6      | Learned a level 2 spell: Cigotuvi's Dreadful Rot
  6507 | D:6      | Reached skill level 1 in Poison Magic
  6544 | D:6      | Found a burning altar of Makhleb.
  6564 | D:6      | Reached ** piety under Sif Muna
  6719 | D:6      | You fall into a shaft and drop 3 floors!
  6727 | D:9      | Noticed a wraith
  6765 | D:8      | Noticed a wyvern
  6765 | D:8      | Found a staircase to the Lair.
  6803 | D:8      | Reached skill level 5 in Spellcasting
  6955 | D:8      | Reached skill level 5 in Hexes
  6955 | D:8      | Reached XP level 9. HP: 24/51 MP: 9/16
  7055 | D:8      | Noticed a death yak
  7745 | D:6      | Noticed Blork the orc
  7783 | D:6      | Killed Blork the orc
  7852 | D:6      | Found a radiant altar of Vehumet.
  7975 | D:6      | Found an ancient bone altar of Kikubaaqudgha.
  8069 | D:7      | Found a runed translucent door.
  8070 | D:7      | Noticed Crazy Yiuf
  8088 | D:7      | Noticed Maggie
  8343 | D:7      | Found a snail-covered altar of Cheibriados.
  8523 | D:7      | Noticed Menkaure
  8926 | D:7      | Found a runed translucent door.
  8930 | D:7      | Noticed jimonade's ghost (novice FoFi)
  9352 | D:7      | Learned a level 3 spell: Swiftness
  9375 | D:7      | Reached XP level 10. HP: 50/56 MP: 9/18
  9434 | D:7      | Killed Menkaure
  9435 | D:7      | Reached skill level 1 in Air Magic
  9435 | D:7      | Reached skill level 1 in Invocations
  9466 | D:7      | Found a broken altar of Ashenzari.
  9926 | D:7      | Reached *** piety under Sif Muna
 10097 | D:7      | Found a blossoming altar of Fedhas.
 10182 | D:7      | Killed Crazy Yiuf
 10501 | D:4      | Found a staircase to the Ecumenical Temple.
 10905 | D:4      | Found a bloodstained altar of Trog.
 10952 | D:7      | Noticed Pikel
 10990 | D:7      | Killed Pikel
 11170 | D:7      | Killed Maggie
 12243 | D:8      | Found Ogoa's Superior Scales.
 12405 | D:8      | Learned a level 4 spell: Airstrike
 12416 | D:8      | Noticed Palms's ghost (novice TeRe)
 12417 | D:8      | Found a transporter.
 12418 | D:8      | Noticed a two-headed ogre
 12421 | D:8      | Found a transporter.
 12478 | D:9      | Noticed Maurice
 12832 | D:9      | Found an ornate altar of the Wu Jian Council.
 13456 | D:9      | Killed Maurice
 13651 | D:9      | Reached XP level 11. HP: 61/61 MP: 10/20
 14090 | Lair:1   | Entered Level 1 of the Lair of Beasts
 14430 | Lair:1   | Reached skill level 5 in Air Magic
 14607 | Lair:1   | Found the +6 shillelagh "Devastator" {shatter}
 14826 | Lair:1   | Reached **** piety under Sif Muna
 15276 | Lair:2   | Noticed a skyshark
 15841 | Lair:2   | Found a shadowy altar of Dithmenos.
 15882 | Lair:2   | Reached skill level 5 in Invocations
 16412 | Lair:2   | Slain by a yak

Illustrated notes

Levels and vault maps discovered:
D:1:      psy_arrival_statuary, layout_basic
D:2:      layout_rooms, kennysheep_doodads, uniq_robin
D:3:      layout_basic, zin_angel, serial_shops,
          nicolae_shop_bloodbath_and_beyond
D:4:      layout_basic, trog_antimagical, minmay_temple_entry_mist,
          minmay_checkerbox
D:5:      layout_loops_ring, amethyst_overflow_temple_binary,
          nicolae_uskayaw_suspiria, okawaru_metal_pillars_1_2, elyvilon_altar_3,
          grunt_ministairs_9
D:6:      minmay_angry_zag, layout_rooms, lemuel_zombie_altar_kikubaaqudgha,
          mainiacjoe_overflow_small_starburst, fiery_altar_vehumet,
          uniq_blork_the_orc
D:7:      layout_gridville, mainiacjoe_overflow_boulevard,
          cheibrodos_worm_habitat, lemuel_coloured_pillars_altar,
          hellmonk_ghost_happy_afterlife, uniq_crazy_yiuf_cottage, uniq_maggie,
          uniq_menkaure, uniq_pikel
D:8:      layout_rooms, david_lair_generic, gammafunk_ghost_smash,
          hellmonk_scale_shop
D:9:      layout_irregular_city, nicolae_overflow_crystal_walls, uniq_maurice
Temple:   hellmonk_temple_rainy
Lair:1:   layout_hall_layers
Lair:2:   layout_cave_pods, minmay_shoals_entry_lonely_mermaid, basic_altar,
          infiniplex_staircase_pool_2

Skill      XL: |  1  2  3  4  5  6  7  8  9 10 11 |
---------------+----------------------------------+-----
Spellcasting   | 3 4 5 6 |  6.9
Stealth        | 3 4 5 6 7 8 9 |  9.6
Dodging        | 3 4 6 7 8 9 |  9.4
Hexes          | 1 2 3 5 6 |  6.4
Conjurations   | 5 6 7 |  7.6
Poison Magic   | 2 4 |  4.0
Air Magic      | 4 5 |  5.9
Invocations    | 4 5 |  5.2

Action                     |  1- 3 |  4- 6 |  7- 9 | 10-12 || total
---------------------------+-------+-------+-------+-------++-------
  Melee: Unarmed           |    14 |       |       |       ||    14
         Constrict         |     4 |       |       |       ||     4
         Tentacles         |     4 |       |       |       ||     4
         Punch             |     1 |       |       |       ||     1
         Lance             |       |       |       |     4 ||     4
         Staff             |       |       |       |     1 ||     1
   Cast: Magic Dart        |    51 |    89 |    93 |    81 ||   314
         Searing Ray       |     2 |    24 |    80 |    80 ||   186
         Dazzling Flash    |       |       |     3 |    21 ||    24
         Fulminant Prism   |       |       |       |    48 ||    48
 Invoke: Channel Magic     |       |       |       |     2 ||     2
    Use: Scroll            |       |       |    11 |     2 ||    13
         Potion            |       |       |     6 |     3 ||     9
   Stab: Invisible         |       |       |       |     1 ||     1
         Sleeping          |       |       |       |     1 ||     1
 Armour: Skin              |       |     1 |     6 |     6 ||    13
  Dodge: Dodged            |    21 |    31 |   125 |   142 ||   319

Table legend: (Time is in decaauts)
 A = Elapsed time spent in this place.
 B = Non-inter-level travel time spent in this place.
 C = Inter-level travel time spent in this place.
 D = Time resting spent in this place.
 E = Time spent auto-exploring this place.
 F = Levels seen in this place.
 G = Mean time per level.
                   A        B        C        D        E       F      G
               +--------+--------+--------+--------+--------+-----+--------+
         Total |  16461 |  15568 |    893 |   4919 |   8166 |  12 | 1371.8 |
       Dungeon |  14176 |  13406 |    770 |   4064 |   7233 |   9 | 1575.1 |
        Temple |    126 |    115 |     11 |    100 |      9 |   1 |  126.0 |
          Lair |   2157 |   2045 |    112 |    755 |    924 |   2 | 1078.5 |
               +--------+--------+--------+--------+--------+-----+--------+

Top non-repeatable levels by time:
     D:7: 2805 daAuts
     D:6: 1739 daAuts
     D:8: 1707 daAuts
     D:4: 1684 daAuts
     D:5: 1654 daAuts
     D:3: 1453 daAuts
     D:9: 1227 daAuts
  Lair:1: 1151 daAuts
     D:1: 1085 daAuts
  Lair:2: 1005 daAuts
     D:2: 820 daAuts
  Temple: 126 daAuts
